[Event "Titled Tuesday Blitz December 20 Early 2022"]
[White "Boudreaux, Floyd"]
[Black "AlmasChampion1"]
[WhiteFideId "2016370"]
[WhiteElo "2088"]
[BlackElo "2747"]
[Result "1-0"]
[Round "05"]
[TimeControl "180+2"]
[Date "2022.12.20"]
[WhiteClock "0:00:06"]
[BlackClock "0:00:01"]

1. e4 e5 2. Nf3 Nf6 3. Nxe5 Nxe4 4. Qe2 Qe7 5. Qxe4 d6 6. d4 dxe5 7. dxe5 Nc6 8. Nc3 Qxe5 9. Qxe5+ Nxe5 10. Bf4 Bd6 11. Bg3 O-O 12. O-O-O Ng4 13. Bxd6 cxd6 14. Rd2 Be6 15. h3 Ne5 16. Rxd6 a6 17. Be2 b5 18. b3 Rfc8 19. Kb2 Rc7 20. Rhd1 Rcc8 21. f4 Ng6 22. Bf3 Rab8 23. Ne2 a5 24. g4 Nh4 25. Bc6 g6 26. Nd4 a4 27. Nxe6 fxe6 28. Rxe6 Rf8 29. Re7 Rxf4 30. Rdd7 Rc8 31. Bd5+ Kf8 32. Rxh7 Ke8 33. Rde7+ Kd8 34. Be6 a3+ 35. Kxa3 Ra8+ 36. Kb2 Rd4 37. Ref7 Ke8 38. Rxh4 Rd2 39. Rh8# 1-0


[Site "https://www.chess.com"]

[Event "Titled Tuesday Blitz December 20 Early 2022"]
[White "Brunstein, Sandrine"]
[Black "Begmuratov, Khumoyun"]
[WhiteFideId "625574"]
[BlackFideId "14210207"]
[WhiteElo "1990"]
[BlackElo "2387"]
[Result "1-0"]
[Round "05"]
[TimeControl "180+2"]
[Date "2022.12.20"]
[WhiteClock "0:00:08"]
[BlackClock "0:00:02"]

1. Nf3 Nf6 2. c4 g6 3. Nc3 Bg7 4. e4 d6 5. d4 O-O 6. Be2 c6 7. O-O Bg4 8. h3 Bxf3 9. Bxf3 Nbd7 10. Be3 e5 11. d5 c5 12. a3 Ne8 13. b4 b6 14. Rb1 f5 15. Re1 f4 16. Bd2 h5 17. Nb5 a6 18. Nc3 Qh4 19. Na4 Nef6 20. bxc5 bxc5 21. Rb7 g5 22. Bxh5 Nxh5 23. Rxd7 f3 24. Be3 g4 25. Rxd6 gxh3 26. gxf3 Nf4 27. Kh1 Ng2 28. Rg1 Qh5 29. Nxc5 Rxf3 30. Ne6 Bf6 31. c5 Kf7 32. Rd7+ Kg6 33. c6 Rh8 34. c7 Qg4 35. Rd8 Bxd8 36. cxd8=Q Rxd8 37. Nxd8 Kh5 38. Nc6 Qh4 39. Qxf3+ 1-0


[Site "https://www.chess.com"]

[Event "Titled Tuesday Blitz December 20 Early 2022"]
[White "CDOEspiao"]
[Black "Coachpoker"]
[WhiteElo "2486"]
[BlackElo "2626"]
[Result "1-0"]
[Round "05"]
[TimeControl "180+2"]
[Date "2022.12.20"]
[WhiteClock "0:00:18"]
[BlackClock "0:00:14"]

1. Nf3 c5 2. g3 Nc6 3. Bg2 g6 4. O-O Bg7 5. d3 e6 6. e4 Nge7 7. Nbd2 O-O 8. c3 d6 9. a4 a6 10. Nc4 b6 11. Bg5 h6 12. Bd2 Rb8 13. Qc1 Kh7 14. h4 b5 15. axb5 axb5 16. Ne3 b4 17. Ng4 Ng8 18. d4 bxc3 19. bxc3 cxd4 20. cxd4 f5 21. exf5 gxf5 22. Nxh6 Bxh6 23. Bxh6 Nxh6 24. Ng5+ Kg6 25. Qxc6 Bb7 26. Qc4 Bxg2 27. Kxg2 d5 28. Qe2 Re8 29. Ra6 Rb6 30. Rfa1 Ng4 31. Rxb6 Qxb6 32. Ra6 Qxd4 33. Rxe6+ Rxe6 34. Qxe6+ Qf6 35. Qg8+ Kh5 36. Qxd5 Qf8 37. Ne6 Qf6 38. Nf4+ Kh6 39. Qa8 Kh7 40. Qb7+ Kh6 41. Qc8 Kh7 42. Qd7+ Kh6 43. Qe8 Kh7 44. Qh5+ Nh6 45. Nh3 Qc6+ 46. Qf3 Qb5 47. Ng5+ Kg7 48. Ne6+ Kf6 49. Nf4 Ng4 50. Nd5+ Ke5 51. Ne3 Nh6 52. Qf4+ Kf6 53. Qxh6+ Kf7 54. Qh5+ Ke7 55. Qxf5 Qe2 56. Qf3 Qd2 57. Qe4+ Kf7 58. Qd5+ Qxd5+ 59. Nxd5 Kg6 60. Ne3 Kh5 61. Kh3 Kg6 62. g4 Kh6 63. f4 Kg6 64. h5+ Kh6 65. Kh4 Kh7 66. g5 Kg7 67. f5 Kf7 68. h6 Kg8 69. Kh5 Kh8 70. g6 Kg8 71. f6 Kh8 72. Ng4 Kg8 73. Ne5 Kh8 74. Kg5 Kg8 75. h7+ Kh8 76. Nf7# 1-0


[Site "https://www.chess.com"]

[Event "Titled Tuesday Blitz December 20 Early 2022"]
[White "Cag, Ceyda"]
[Black "Rosenberg, Sergei G"]
[WhiteFideId "34571477"]
[BlackFideId "4102444"]
[WhiteElo "2157"]
[BlackElo "2418"]
[Result "0-1"]
[Round "05"]
[TimeControl "180+2"]
[Date "2022.12.20"]
[WhiteClock "0:01:11"]
[BlackClock "0:01:52"]

1. e4 e5 2. Nf3 Nc6 3. Bc4 Nf6 4. Ng5 d5 5. exd5 Na5 6. Bb5+ c6 7. dxc6 bxc6 8. Qf3 h6 9. Ne4 cxb5 10. Nxf6+ gxf6 11. Qxa8 Qd7 12. Nc3 Nc6 13. Nd5 Be7 14. Nxe7 Kxe7 15. a4 Nd4 16. Qe4 Bb7 17. Qd3 Bxg2 18. Rf1 Rc8 19. c3 Nf3+ 0-1


[Site "https://www.chess.com"]

[Event "Titled Tuesday Blitz December 20 Early 2022"]
[White "Canche Cab, Marco Alexei"]
[Black "alexrustemov"]
[WhiteFideId "5116139"]
[WhiteElo "2004"]
[BlackElo "2891"]
[Result "0-1"]
[Round "05"]
[TimeControl "180+2"]
[Date "2022.12.20"]
[WhiteClock "0:00:04"]
[BlackClock "0:00:09"]

1. d4 g6 2. e4 Bg7 3. Nf3 d6 4. Bc4 c6 5. Bb3 Nf6 6. Qe2 O-O 7. O-O Bg4 8. e5 Nd5 9. Nbd2 Nd7 10. h3 Bxf3 11. Nxf3 dxe5 12. dxe5 e6 13. Rd1 Qc7 14. c4 Ne7 15. Bf4 h6 16. Rd2 a5 17. Rad1 Rfd8 18. Bc2 Nf8 19. Rd6 g5 20. Nxg5 hxg5 21. Bxg5 Re8 22. Bf6 Neg6 23. Qh5 Qb6 24. Rd7 Bxf6 25. exf6 Qxb2 26. Bxg6 Nxg6 27. R1d4 Qb1+ 28. Kh2 Qf5 29. Qxf5 exf5 30. Rxb7 Re6 31. Rdd7 Rxf6 32. Ra7 Rxa7 33. Rxa7 Ne5 34. Rxa5 Nxc4 35. Rc5 Nb6 36. Kg3 Kg7 37. Kf4 Kg6 38. g3 Re6 39. h4 Nd5+ 40. Kf3 f6 41. a4 Nb4 42. a5 Nd3 43. Rc3 Ne5+ 44. Kg2 Re7 45. f4 Ng4 46. Rxc6 Re2+ 47. Kg1 Ra2 48. a6 Kh5 49. Rc5 Ne3 50. Rc6 Kg4 51. Rxf6 Kxg3 52. Rg6+ Kxf4 53. h5 Kf3 54. h6 Ra1+ 55. Kh2 Ng4+ 56. Rxg4 fxg4 57. h7 g3+ 58. Kh3 Rh1# 0-1


[Site "https://www.chess.com"]

[Event "Titled Tuesday Blitz December 20 Early 2022"]
[White "CaptainCasanova"]
[Black "Garcia Brion, Eduardo"]
[BlackFideId "2223864"]
[WhiteElo "2584"]
[BlackElo "2175"]
[Result "1-0"]
[Round "05"]
[TimeControl "180+2"]
[Date "2022.12.20"]
[WhiteClock "0:01:06"]
[BlackClock "0:00:02"]

1. e4 c5 2. Be2 Nc6 3. d3 d6 4. f4 g6 5. Nf3 Bg7 6. c3 e6 7. O-O Nge7 8. Be3 O-O 9. Kh1 b5 10. Nbd2 b4 11. Rc1 bxc3 12. bxc3 Rb8 13. Qc2 Ba6 14. Bf2 Qb6 15. Nb3 Na5 16. Rb1 Nxb3 17. axb3 Qc7 18. Bh4 Rfc8 19. h3 d5 20. e5 Nf5 21. Bf2 h5 22. g4 hxg4 23. hxg4 Nh6 24. Rg1 c4 25. bxc4 dxc4 26. d4 Bb7 27. Kh2 Bd5 28. Kg3 Qc6 29. Nd2 Rb6 30. Ra1 Ra6 31. Qb2 Rb6 32. Qa3 a6 33. Rgb1 Bf8 34. Qa4 Qxa4 35. Rxa4 Rxb1 36. Nxb1 Rc6 37. Nd2 f5 38. g5 Ng4 39. Bxc4 Bxc4 40. Nxc4 1-0


[Site "https://www.chess.com"]

[Event "Titled Tuesday Blitz December 20 Early 2022"]
[White "Carvalho, Heracles Elieser"]
[Black "Vesper, Horst"]
[WhiteFideId "22751114"]
[BlackFideId "24677159"]
[WhiteElo "1895"]
[BlackElo "2028"]
[Result "0-1"]
[Round "05"]
[TimeControl "180+2"]
[Date "2022.12.20"]
[WhiteClock "0:00:05"]
[BlackClock "0:00:14"]

1. e4 c5 2. Nc3 d6 3. g3 Nc6 4. Bg2 g6 5. d3 Bg7 6. f4 e6 7. Nf3 Nd4 8. O-O Ne7 9. Be3 O-O 10. e5 Nxf3+ 11. Qxf3 Nf5 12. Bf2 Nd4 13. Qd1 dxe5 14. fxe5 Bxe5 15. Ne4 Rb8 16. c3 Nc6 17. Bxc5 Re8 18. d4 Bg7 19. Bd6 Ra8 20. Bf4 Rf8 21. Qf3 f5 22. Nc5 Kh8 23. Rae1 Re8 24. Nd3 Bd7 25. Ne5 Nxe5 26. Bxe5 Bc6 27. Qf4 Bxg2 28. Kxg2 Qd5+ 29. Kg1 Re7 30. a3 b5 31. Bxg7+ Kxg7 32. Qe5+ Qxe5 33. Rxe5 Rb8 34. Rfe1 Kf6 35. Rc5 Rb6 36. Ree5 Reb7 37. Rc8 a5 38. Re8 g5 39. Ra8 b4 40. Raxa5 bxc3 41. bxc3 Rb1+ 42. Kf2 R7b2+ 43. Re2 Rxe2+ 44. Kxe2 Rb2+ 45. Kd3 Rxh2 46. Ra7 h5 47. c4 Rg2 48. c5 Rxg3+ 49. Kc4 h4 50. c6 Rg1 51. c7 Rc1+ 52. Kb5 h3 53. c8=Q Rxc8 54. Rh7 g4 55. a4 f4 56. a5 f3 57. a6 f2 58. Rh6+ Kg5 59. Rxe6 f1=Q+ 0-1


[Site "https://www.chess.com"]

[Event "Titled Tuesday Blitz December 20 Early 2022"]
[White "Castro Andrade, Seirbert Cristian"]
[Black "Battlecruiser_Operational"]
[WhiteFideId "3863336"]
[WhiteElo "1364"]
[BlackElo "2428"]
[Result "0-1"]
[Round "05"]
[TimeControl "180+2"]
[Date "2022.12.20"]
[WhiteClock "0:01:46"]
[BlackClock "0:00:13"]

1. c4 e6 2. Nf3 f5 3. d4 Nf6 4. g3 Be7 5. Bg2 O-O 6. O-O d5 7. b3 c6 8. Bf4 Qe8 9. Ne5 Nbd7 10. Nd2 h6 11. Nxd7 Bxd7 12. Nf3 Qh5 13. Ne5 g5 14. Bd2 Rad8 15. e3 Qxd1 16. Rfxd1 Be8 17. b4 Ne4 18. Be1 Bf6 19. f3 Nd6 20. cxd5 exd5 21. a4 a6 22. f4 Bh5 23. Rdc1 Be2 24. Rab1 Nc4 25. Rc3 Rd6 26. Rb2 Nxb2 0-1


[Site "https://www.chess.com"]

[Event "Titled Tuesday Blitz December 20 Early 2022"]
[White "Chernov_Mikhail"]
[Black "AldokhinIvan"]
[WhiteElo "2398"]
[BlackElo "2572"]
[Result "0-1"]
[Round "05"]
[TimeControl "180+2"]
[Date "2022.12.20"]
[WhiteClock "0:00:07"]
[BlackClock "0:00:06"]

1. e4 c5 2. Nf3 e6 3. d4 cxd4 4. Nxd4 a6 5. Be2 Nf6 6. Nc3 Qc7 7. O-O d6 8. Be3 b5 9. Bf3 Bb7 10. a3 Nbd7 11. Re1 Ne5 12. Bg5 Nxf3+ 13. Qxf3 Be7 14. Rad1 O-O 15. Qg3 Rfe8 16. Rd3 Qc5 17. e5 dxe5 18. Rxe5 Qc7 19. Rde3 Rad8 20. Qh4 Qc4 21. Nce2 Rd5 22. Rxd5 Qxd5 23. Rg3 Ne4 24. Bxe7 Nxg3 25. Qxg3 e5 26. Bg5 exd4 27. Bf6 Qxg2+ 28. Qxg2 Bxg2 29. Kxg2 Rxe2 30. Bxd4 Rxc2 31. Kf3 f6 32. h4 Kf7 33. Ke4 h5 34. Kd5 Rd2 35. Ke4 g5 36. hxg5 Rxd4+ 37. Kxd4 fxg5 38. Ke5 h4 39. Ke4 Kf6 40. Kf3 Kf5 41. Kg2 g4 0-1


[Site "https://www.chess.com"]

[Event "Titled Tuesday Blitz December 20 Early 2022"]
[White "ChessFanNM"]
[Black "AwareIdea"]
[WhiteElo "2395"]
[BlackElo "2513"]
[Result "1-0"]
[Round "05"]
[TimeControl "180+2"]
[Date "2022.12.20"]
[WhiteClock "0:00:07"]
[BlackClock "0:00:09"]

1. e4 e5 2. Nf3 Nc6 3. Nc3 Nf6 4. Bb5 Bd6 5. a3 O-O 6. d3 h6 7. Bxc6 dxc6 8. g4 Bxg4 9. Rg1 Qd7 10. Bxh6 gxh6 11. h3 Kh8 12. hxg4 Rg8 13. Qd2 Nxg4 14. O-O-O Qe6 15. Nh4 Be7 16. Nf3 Rg6 17. Kb1 Rag8 18. Rh1 Qf6 19. Qe2 Qf4 20. d4 exd4 21. Rxd4 Bf6 22. e5 Qxd4 23. Nxd4 Bxe5 24. Nf5 Re6 25. Qf3 Rgg6 26. Ne4 Kg8 27. Rh4 Nh2 28. Qh1 Kf8 29. Rxh2 Bxh2 30. Qxh2 Rxe4 31. Qxc7 Re8 32. Qxb7 Rf6 33. Ne3 Kg7 34. Qxa7 h5 35. Qd4 Re6 36. b4 Kg6 37. Kb2 Kg5 38. Qd3 Rf4 39. Qc3 h4 40. Qc5+ Kg6 41. Qf8 Ref6 42. Qg8+ Kh5 43. Qh8+ Kg5 44. Qg7+ Rg6 45. Qh7 Rxf2 46. Nc4 Rf5 47. Qh8 Kg4 48. Ne3+ Kg5 49. Nxf5 Kxf5 50. Qxh4 f6 51. Qf2+ Ke6 52. Qe3+ Kd6 53. Qd3+ Ke5 54. Qxg6 f5 55. Qf7 f4 56. a4 Kd4 57. Qxf4+ Kd5 58. Qe3 Kc4 59. Qc3+ Kd5 60. Qd3+ Ke6 61. Kb3 Ke5 62. Kc4 1-0


[Site "https://www.chess.com"]

[Event "Titled Tuesday Blitz December 20 Early 2022"]
[White "ChessTankMan"]
[Black "icychess54"]
[WhiteElo "2514"]
[BlackElo "2186"]
[Result "1-0"]
[Round "05"]
[TimeControl "180+2"]
[Date "2022.12.20"]
[WhiteClock "0:01:04"]
[BlackClock "0:00:46"]

1. e4 c5 2. Nf3 d6 3. d4 cxd4 4. Nxd4 Nf6 5. Nc3 Nc6 6. Bg5 e6 7. Qd2 h6 8. Bxf6 gxf6 9. O-O-O a6 10. f4 h5 11. f5 Bh6 12. Nxc6 bxc6 13. fxe6 fxe6 14. Qxh6 Rxh6 15. Be2 Ke7 16. Rhe1 Qa5 17. Kb1 Rb8 18. Rd3 e5 19. Red1 Be6 20. b3 Rd8 21. Bf3 Bg4 22. Ne2 Bxf3 23. gxf3 Rg6 24. Ng3 Rxg3 25. hxg3 Rg8 26. Rxd6 Rxg3 27. Rd7+ Ke8 28. Rh7 Rxf3 29. Rg1 Kf8 30. Rd1 Re3 31. Rdd7 Qe1+ 32. Kb2 Qc3+ 33. Ka3 Qc5+ 34. Kb2 Ke8 35. Rb7 Qd4+ 36. Ka3 Qd6+ 37. Ka4 Qd4+ 38. c4 1-0


[Site "https://www.chess.com"]

[Event "Titled Tuesday Blitz December 20 Early 2022"]
[White "Chessmissile07"]
[Black "Tarno, Brian"]
[BlackFideId "10833820"]
[WhiteElo "2730"]
[BlackElo "2169"]
[Result "1-0"]
[Round "05"]
[TimeControl "180+2"]
[Date "2022.12.20"]
[WhiteClock "0:01:11"]
[BlackClock "0:00:01"]

1. e4 c5 2. Nc3 d6 3. f4 Nc6 4. Nf3 g6 5. Bc4 Bg7 6. O-O Nf6 7. d3 a6 8. a4 Rb8 9. Qe1 Nd4 10. Nxd4 cxd4 11. Nd5 b5 12. axb5 axb5 13. Nxf6+ Bxf6 14. Bb3 O-O 15. f5 e6 16. Bh6 Re8 17. fxg6 fxg6 18. Qf2 Be5 19. Qf7+ Kh8 20. Ra7 Rb7 21. Rxb7 Bxb7 22. Bxe6 Bc8 23. Bxc8 Qxc8 24. Rf2 Qd8 25. Bg5 Qc8 26. Bf6+ Bxf6 27. Qxf6+ Kg8 28. Qxd4 Qa8 29. h4 Qa1+ 30. Kh2 Qe1 31. h5 gxh5 32. Qd5+ 1-0


[Site "https://www.chess.com"]

[Event "Titled Tuesday Blitz December 20 Early 2022"]
[White "Cuajada_Zero"]
[Black "Durin, Jean-Pierre"]
[BlackFideId "26026600"]
[WhiteElo "2413"]
[BlackElo "1819"]
[Result "1-0"]
[Round "05"]
[TimeControl "180+2"]
[Date "2022.12.20"]
[WhiteClock "0:00:25"]
[BlackClock "0:01:05"]

1. d4 Nf6 2. Nf3 c5 3. d5 b5 4. c4 bxc4 5. Nc3 d6 6. e4 Nbd7 7. Bxc4 g6 8. a4 Bg7 9. a5 a6 10. O-O O-O 11. h3 Rb8 12. Qd3 Qc7 13. Bxa6 Bxa6 14. Qxa6 Ra8 15. Qb5 Rfb8 16. Qa4 Rb4 17. Qa2 Nxe4 18. Nxe4 Rxe4 19. Bd2 Ne5 20. Nxe5 Bxe5 21. Bc3 Ra6 22. f3 Re2 23. Qc4 Bxc3 24. bxc3 Rxa5 25. Rxa5 Qxa5 26. Qxe2 Qxc3 27. Qe4 f5 28. Qe6+ Kf8 29. Re1 Qd4+ 30. Kh1 Qh4 31. Rb1 Kg7 32. Rb7 Kf8 33. Rb8+ Kg7 34. Re8 Kh6 35. Qxe7 Qf4 36. Qe3 Qxe3 37. Rxe3 Kg5 38. Re6 c4 39. Rxd6 Kf4 40. Rc6 Ke5 41. Rxc4 Kxd5 42. Ra4 Ke5 43. f4+ Kf6 44. g4 fxg4 45. hxg4 h5 46. Kg2 hxg4 47. Kg3 Kf5 48. Ra5+ Kf6 49. Kxg4 Ke6 50. Kg5 Kf7 51. Ra6 Kg7 52. Ra7+ Kf8 53. Kxg6 Ke8 54. Kf6 Kd8 55. Ke6 Kc8 56. Kd6 Kb8 57. Rh7 Kc8 58. f5 Kb8 59. Kc6 1-0


[Site "https://www.chess.com"]

[Event "Titled Tuesday Blitz December 20 Early 2022"]
[White "DIMONBANAN"]
[Black "Coda, Carlos"]
[BlackFideId "110329"]
[WhiteElo "2416"]
[BlackElo "1971"]
[Result "1-0"]
[Round "05"]
[TimeControl "180+2"]
[Date "2022.12.20"]
[WhiteClock "0:00:33"]
[BlackClock "0:00:31"]

1. e4 e6 2. d4 d5 3. Nc3 Bb4 4. e5 Ne7 5. a3 Bxc3+ 6. bxc3 c5 7. h4 Nbc6 8. h5 Qc7 9. Nf3 Bd7 10. h6 g6 11. Bg5 O-O-O 12. Bf6 Rhg8 13. Be2 cxd4 14. cxd4 Rde8 15. Ng5 Nf5 16. c3 Nd8 17. Qd2 Ba4 18. Nxh7 Qc6 19. Ng5 Rh8 20. h7 Bb5 21. Bxb5 Qxb5 22. Bxd8 Rxd8 23. Nxf7 Qd7 24. Nxd8 Kxd8 25. Qg5+ Kc8 26. Qxg6 Kb8 27. Qg8+ Qc8 28. Qxc8+ Kxc8 29. g4 Ne7 30. Ke2 Kd7 31. g5 Ke8 32. Rag1 Kf7 33. Rh6 Ng6 34. Rg3 Kg7 35. Rf3 Nf8 36. Rff6 Nxh7 37. Rxe6 Kf7 38. Rd6 Kg7 39. Rd7+ Kg8 40. Rd8+ Kg7 41. Rxh8 Kxh8 42. g6 1-0


[Site "https://www.chess.com"]

[Event "Titled Tuesday Blitz December 20 Early 2022"]
[White "Dadic, Ivan"]
[Black "Moh, Teng Keong Deon"]
[WhiteFideId "14531364"]
[BlackFideId "5700868"]
[WhiteElo "2080"]
[BlackElo "2215"]
[Result "0-1"]
[Round "05"]
[TimeControl "180+2"]
[Date "2022.12.20"]
[WhiteClock "0:01:28"]
[BlackClock "0:01:49"]

1. e4 c6 2. d4 d5 3. exd5 cxd5 4. c4 Nf6 5. Nc3 e6 6. Nf3 Bb4 7. cxd5 Nxd5 8. Qc2 Nc6 9. a3 Be7 10. Bd3 Nf6 11. Be3 O-O 12. O-O b6 13. Rfd1 Bb7 14. Ne4 g6 15. Bh6 Re8 16. Bb5 Rc8 17. Qa4 a6 18. Bxa6 Ra8 19. Nxf6+ Bxf6 0-1


[Site "https://www.chess.com"]

[Event "Titled Tuesday Blitz December 20 Early 2022"]
[White "Delemarre, Jop"]
[Black "BetonCarlsen"]
[WhiteFideId "1003704"]
[WhiteElo "2391"]
[BlackElo "2216"]
[Result "1-0"]
[Round "05"]
[TimeControl "180+2"]
[Date "2022.12.20"]
[WhiteClock "0:00:15"]
[BlackClock "0:00:01"]

1. e4 c6 2. d4 d5 3. e5 Bf5 4. Nf3 e6 5. Be2 c5 6. O-O Nc6 7. Be3 cxd4 8. Nxd4 Nge7 9. Bb5 Rc8 10. c4 a6 11. Bxc6+ bxc6 12. Nc3 Bg6 13. Qa4 Qd7 14. Qxa6 Bd3 15. Rfd1 Bxc4 16. Qa4 Ng6 17. b3 Bb5 18. Ncxb5 cxb5 19. Nxb5 Nxe5 20. Bf4 Nc6 21. Rac1 e5 22. Bxe5 Be7 23. Bxg7 Rg8 24. Be5 Rg4 25. Qa6 Kd8 26. Bg3 Nb4 27. Qb6+ Ke8 28. Nc7+ Kf8 29. Qh6+ Kg8 30. a4 1-0


[Site "https://www.chess.com"]

[Event "Titled Tuesday Blitz December 20 Early 2022"]
[White "Devallee, Jeremie"]
[Black "Badlyplayed"]
[WhiteFideId "665240"]
[WhiteElo "2204"]
[BlackElo "2262"]
[Result "1-0"]
[Round "05"]
[TimeControl "180+2"]
[Date "2022.12.20"]
[WhiteClock "0:00:46"]
[BlackClock "0:00:13"]

1. e4 c5 2. Nf3 Nc6 3. d4 cxd4 4. Nxd4 Nf6 5. Nc3 e5 6. Ndb5 d6 7. Bg5 a6 8. Na3 b5 9. Nd5 Be7 10. Bxf6 Bxf6 11. c3 O-O 12. Nc2 Rb8 13. Bd3 a5 14. O-O Bg5 15. a3 Be6 16. Qe2 Bxd5 17. exd5 Na7 18. Ne3 g6 19. g3 Qb6 20. Ng2 f5 21. Kh1 e4 22. Bc2 b4 23. axb4 axb4 24. c4 b3 25. Bxb3 Qxb3 26. Rxa7 Qxb2 27. Qd1 Qb6 28. Qa4 Rbd8 29. h4 Bh6 30. Qa1 f4 31. Nxf4 Bxf4 32. Qg7# 1-0


[Site "https://www.chess.com"]

[Event "Titled Tuesday Blitz December 20 Early 2022"]
[White "Ducrest, Pierre"]
[Black "SaiHanThiha"]
[WhiteFideId "1303627"]
[WhiteElo "2004"]
[BlackElo "2429"]
[Result "1-0"]
[Round "05"]
[TimeControl "180+2"]
[Date "2022.12.20"]
[WhiteClock "0:00:02"]
[BlackClock "0:00:01"]

1. d4 Nf6 2. c4 e6 3. Nc3 Bb4 4. Qc2 O-O 5. a3 Bxc3+ 6. Qxc3 b6 7. Bg5 Bb7 8. e3 h6 9. Bh4 c5 10. dxc5 bxc5 11. Nf3 d6 12. Bd3 Nbd7 13. O-O Qc7 14. Rfd1 e5 15. Nd2 Rae8 16. b4 Nh7 17. Qc2 Ng5 18. Bxg5 hxg5 19. Be4 Bc8 20. h3 Nb6 21. Bf5 Bb7 22. Ne4 Bxe4 23. Bxe4 cxb4 24. axb4 Qxc4 25. Qxc4 Nxc4 26. Rxa7 Rb8 27. Bd5 Rxb4 28. Rc1 Nb6 29. Ba2 d5 30. Rcc7 g6 31. g4 Kg7 32. Kg2 Rb2 33. e4 dxe4 34. Bxf7 Kh6 35. Rc6 e3 36. Rxg6+ Kh7 37. Rf6 Rxf2+ 38. Rxf2 exf2 39. Kf1 Nc8 40. Be6+ Kh6 41. Bf5 Rh8 42. Kxf2 e4 43. Bxe4 1-0


[Site "https://www.chess.com"]

[Event "Titled Tuesday Blitz December 20 Early 2022"]
[White "Edam, Michael"]
[Black "Hanfin, Zahra Chumaira Amelia"]
[WhiteFideId "24613231"]
[BlackFideId "7111983"]
[WhiteElo "2023"]
[BlackElo "2062"]
[Result "1-0"]
[Round "05"]
[TimeControl "180+2"]
[Date "2022.12.20"]
[WhiteClock "0:00:22"]
[BlackClock "0:00:03"]

1. e4 c5 2. Nf3 d6 3. d4 cxd4 4. Nxd4 Nf6 5. Nc3 Nc6 6. Nd5 e6 7. Nxf6+ Qxf6 8. c3 Be7 9. Bb5 Bd7 10. O-O O-O 11. Be3 a6 12. Be2 Rac8 13. f4 Nxd4 14. cxd4 Qg6 15. Bd3 Bc6 16. d5 Bb5 17. Bxb5 axb5 18. Qd3 Rc4 19. f5 exf5 20. exf5 Qf6 21. b3 Rc3 22. Qd4 Qxd4 23. Bxd4 Rd3 24. Rad1 Rxd1 25. Rxd1 Rc8 26. Rd2 Bg5 27. Re2 Kf8 28. Kf2 b4 29. g3 Rc1 30. h4 Bh6 31. Bb6 Rh1 32. Ba5 Rh2+ 33. Kf3 Rxe2 34. Kxe2 Ke7 35. Bxb4 Kf6 36. g4 Bf4 37. Kf3 Be5 38. Ke4 Bg3 39. Bc3+ 1-0


[Site "https://www.chess.com"]

[Event "Titled Tuesday Blitz December 20 Early 2022"]
[White "EdgePlosion"]
[Black "Harkness, Bryan"]
[BlackFideId "444227"]
[WhiteElo "2420"]
[BlackElo "1935"]
[Result "1-0"]
[Round "05"]
[TimeControl "180+2"]
[Date "2022.12.20"]
[WhiteClock "0:01:28"]
[BlackClock "0:00:02"]

1. e4 c5 2. Nf3 Nc6 3. Bb5 g6 4. O-O Bg7 5. c3 e5 6. d4 cxd4 7. cxd4 Nge7 8. d5 Nb8 9. Nc3 O-O 10. d6 Nec6 11. Nd5 Na6 12. b3 Nd4 13. Nxd4 exd4 14. Bb2 Nc5 15. Bxd4 Ne6 16. Bxg7 Kxg7 17. Rc1 a6 18. Be2 b5 19. Bg4 Bb7 20. Bxe6 dxe6 21. Qd4+ f6 22. Nc7 Qd7 23. Nxa8 Bxa8 24. Rc7 1-0


[Site "https://www.chess.com"]

[Event "Titled Tuesday Blitz December 20 Early 2022"]
[White "Ekat, Michael"]
[Black "Pietrek, Gerhard"]
[WhiteFideId "4689801"]
[BlackFideId "24631698"]
[WhiteElo "2051"]
[BlackElo "1596"]
[Result "0-1"]
[Round "05"]
[TimeControl "180+2"]
[Date "2022.12.20"]
[WhiteClock "0:00:48"]
[BlackClock "0:01:02"]

1. d4 Nf6 2. c4 c5 3. d5 d6 4. Nc3 g6 5. e4 Bg7 6. Bd3 O-O 7. Nge2 a6 8. a4 e6 9. O-O exd5 10. cxd5 Nbd7 11. Ng3 h5 12. Re1 h4 13. Nf1 h3 14. g3 Ne5 15. Be2 Re8 16. Ne3 Rb8 17. f4 Ned7 18. Bf3 b5 19. axb5 axb5 20. Ng4 b4 21. Nb1 Nxg4 22. Bxg4 Bd4+ 23. Kh1 Nf6 24. Bf3 Bb7 25. Nd2 Qd7 26. Nc4 Nxe4 27. Rxe4 Rxe4 28. Bxe4 Re8 29. Bf3 Qf5 30. Nxd6 Qxd5 31. Nxb7 Qxf3+ 32. Qxf3 Re1+ 0-1


[Site "https://www.chess.com"]

[Event "Titled Tuesday Blitz December 20 Early 2022"]
[White "Eloisa Navez, Angel"]
[Black "Chesca, Alexandru"]
[WhiteFideId "5117305"]
[BlackFideId "1214438"]
[WhiteElo "1942"]
[BlackElo "1917"]
[Result "1-0"]
[Round "05"]
[TimeControl "180+2"]
[Date "2022.12.20"]
[WhiteClock "0:01:31"]
[BlackClock "0:01:30"]

1. e4 d6 2. d4 Nf6 3. Nc3 e5 4. dxe5 dxe5 5. Qxd8+ Kxd8 6. Bc4 Be6 7. Bxe6 fxe6 8. f3 Nbd7 9. Nh3 Bb4 10. Bd2 h6 11. Nf2 a6 12. Nd3 Bd6 13. Nd1 Ke7 14. Ne3 b5 15. a4 Nc5 16. Nxc5 Bxc5 17. Ke2 Nd7 18. Ra2 Rhb8 19. axb5 axb5 20. Rha1 Rxa2 21. Rxa2 g5 22. Ra5 c6 23. Ra6 Rb6 24. Ra8 Rb8 25. Rxb8 Nxb8 26. Ng4 Nd7 27. Nxh6 Bg1 28. Ng4 Kd6 29. Bxg5 1-0


[Site "https://www.chess.com"]

[Event "Titled Tuesday Blitz December 20 Early 2022"]
[White "Fera, Aryanti"]
[Black "Schless, Sebastian"]
[WhiteFideId "7118988"]
[BlackFideId "4697987"]
[WhiteElo "1770"]
[BlackElo "2056"]
[Result "0-1"]
[Round "05"]
[TimeControl "180+2"]
[Date "2022.12.20"]
[WhiteClock "0:00:17"]
[BlackClock "0:00:38"]

1. e4 c5 2. Nf3 d6 3. Bb5+ Nc6 4. O-O Nf6 5. Re1 Bd7 6. c3 a6 7. Bf1 Bg4 8. h3 Bxf3 9. Qxf3 e6 10. Qd1 h5 11. d4 d5 12. exd5 Qxd5 13. dxc5 Qxd1 14. Rxd1 Bxc5 15. Nd2 O-O-O 16. Re1 Rd7 17. Nb3 Bb6 18. Be3 Bxe3 19. Rxe3 h4 20. Rd3 Rxd3 21. Bxd3 Rd8 22. Be2 Ne5 23. Nd4 Nd5 24. Re1 Ng6 25. Bf3 Ndf4 26. Kh2 Kc7 27. Be4 Ne5 28. g3 Nfd3 29. Re2 g5 30. b3 b5 31. Re3 Nxf2 32. Bg2 Nfg4+ 0-1


[Site "https://www.chess.com"]

[Event "Titled Tuesday Blitz December 20 Early 2022"]
[White "Firouzja, Alireza"]
[Black "Sanan_Sjugirov"]
[WhiteFideId "12573981"]
[WhiteElo "2785"]
[BlackElo "2933"]
[Result "1-0"]
[Round "05"]
[TimeControl "180+2"]
[Date "2022.12.20"]
[WhiteClock "0:00:04"]
[BlackClock "0:00:02"]

1. d4 d5 2. c4 c6 3. Nf3 Nf6 4. Nc3 dxc4 5. e4 b5 6. Be2 e6 7. O-O a5 8. e5 Nd5 9. Ne4 a4 10. Bg5 Qc7 11. b3 cxb3 12. axb3 a3 13. Bd3 h6 14. Bd2 Na6 15. Qc1 Nab4 16. Be2 a2 17. h3 Be7 18. Re1 Bd7 19. Bf1 Qa7 20. Nd6+ Bxd6 21. exd6 Qa3 22. Qc5 Qxb3 23. Ne5 Nc2 24. Nxd7 Kxd7 25. Rec1 Ncb4 26. Bxb4 Nxb4 27. Bxb5 Rhc8 28. Bc4 Qa4 29. Qe5 Qa5 30. Qxg7 Qf5 31. Rc3 Rg8 32. Qxh6 Qb1+ 33. Rc1 Qe4 34. Bf1 Nd3 35. Rc3 Qxd4 36. Qd2 Ne5 37. Qxd4 1-0


[Site "https://www.chess.com"]

[Event "Titled Tuesday Blitz December 20 Early 2022"]
[White "Forgacs, Gyula"]
[Black "Jovanovic, Dobrica"]
[WhiteFideId "701203"]
[BlackFideId "928674"]
[WhiteElo "2305"]
[BlackElo "2164"]
[Result "1-0"]
[Round "05"]
[TimeControl "180+2"]
[Date "2022.12.20"]
[WhiteClock "0:01:24"]
[BlackClock "0:00:03"]

1. e4 c5 2. d3 g6 3. g3 Bg7 4. Bg2 e6 5. f4 Ne7 6. Nf3 Nbc6 7. O-O O-O 8. c3 b6 9. a4 Bb7 10. Na3 d5 11. e5 Qd7 12. Be3 a6 13. Bf2 h6 14. g4 Rac8 15. Nc2 Na5 16. Nh4 c4 17. Bxb6 Nb3 18. Ra3 Nc6 19. dxc4 Nca5 20. cxd5 exd5 21. Nd4 Nxd4 22. Bxd4 Nc4 23. Rb3 Bc6 24. f5 Bxa4 25. fxg6 fxg6 26. Nxg6 Rxf1+ 27. Kxf1 Na5 28. e6 1-0


[Site "https://www.chess.com"]